 Dungeon Crawl Stone Soup version 0.17-a0-1368-g6ab37f2 (webtiles) character file.

1755 inmateoo the Arsonist (level 8, -2/41 HPs)
             Began as a Deep Elf Fire Elementalist on June 12, 2015.
             Was a Priest of Ru.
             Splashed by a jelly's acid (9 damage)
             ... on level 6 of the Dungeon.
             The game lasted 00:10:08 (5801 turns).

inmateoo the Arsonist (Deep Elf Fire Elementalist)  Turns: 5801, Time: 00:10:09

Health: -2/41      AC: -1    Str:  5    XL:     8   Next: 78%
Magic:  21/21      EV: 13    Int: 23    God:    Ru [***...]
Gold:   250        SH:  0    Dex: 15    Spells: 5 memorised, 7 levels left

rFire  . . .     SeeInvis .     u - +0 flail (protect)
rCold  + . .     Clarity  .     a - +0 robe
rNeg   . . .     SustAt   .     (no shield)
rPois  .         Gourm    .     i - +0 helmet
rElec  .         Spirit   .     y - +1 cloak
rCorr  .         Warding  .     v - +2 pair of gloves "Dyptehe" {rC+ Slay+3}
rMut   .         Stasis   .     k - +0 pair of boots
MR     +....                    (no amulet)
Stlth  ..........               (no ring)
                                n - ring of protection from magic

@: corroded equipment, somewhat resistant to hostile enchantments, extremely
unstealthy
A: no stealth, inability to train armour, no necromancy magic, no poison magic,
no summoning magic
a: Draw Out Power, Renounce Religion


You were on level 6 of the Dungeon.
You worshipped Ru.
Ru was most pleased with you.
You were near starving.

You visited 1 branch of the dungeon, and saw 6 of its levels.

You collected 250 gold pieces.

Inventory:

Hand weapons
 t - a +0 morningstar of holy wrath
 u - a +0 flail of protection (weapon)
Armour
 a - a +0 robe (worn)
 i - a +0 helmet (worn)
 k - a +0 pair of boots (worn)
 v - the +2 pair of gloves "Dyptehe" (worn) {rC+ Slay+3}
   (You found it on level 6 of the Dungeon)

   It affects your accuracy and damage with ranged weapons and melee attacks
   (+3).
   It protects you from cold.
 y - a +1 cloak (worn)
Jewellery
 n - a ring of protection from magic (left hand)
Magical devices
 j - a wand of magic darts (24)
 s - a wand of digging (0)
Scrolls
 h - a scroll of teleportation
 m - a scroll of enchant armour
 q - a scroll of magic mapping
 r - 3 scrolls of immolation
 x - 3 scrolls of fog
Potions
 d - a potion of cure mutation {unknown}
 e - a potion of resistance {unknown}
 g - a potion of heal wounds
 l - a potion of curing
 p - a potion of ambrosia
 w - a potion of cancellation {unknown}
 C - a potion of haste
Books
 b - a book of Flames

   Spells                             Type                      Level
   a - Flame Tongue                   Conjuration/Fire             1
   b - Throw Flame                    Conjuration/Fire             2
   c - Conjure Flame                  Conjuration/Fire             3
   d - Inner Flame                    Hexes/Fire                   3
   e - Sticky Flame                   Conjuration/Fire             4
   f - Fireball                       Conjuration/Fire             5
Comestibles
 c - 5 bread rations
 f - 2 meat rations
 o - a slice of pizza
 z - 2 beef jerkies


   Skills:
 - Level 2.4 Dodging
 + Level 7.7 Spellcasting
 + Level 6.1 Conjurations
 * Level 9.6 Fire Magic


You had 7 spell levels left.
You knew the following spells:

 Your Spells              Type           Power        Failure   Level  Hunger
a - Flame Tongue          Conj/Fire      #####        1%          1    None
b - Throw Flame           Conj/Fire      #####.       1%          2    None
c - Conjure Flame         Conj/Fire      #####...     1%          3    None
d - Sticky Flame          Conj/Fire      #####...     3%          4    ###....
e - Fireball              Conj/Fire      #####.....   10%         5    #####..


Dungeon Overview and Level Annotations

Branches:
Dungeon (6/15)
 Temple: D:4-7

Altars:
Dithmenos
Fedhas
Makhleb
Qazlal
Ru

Shops:
D:4 :


Innate Abilities, Weirdness & Mutations

You cannot be stealthy.
You cannot train Armour skill.
You cannot study or cast Necromancy magic.
You cannot study or cast Poison magic.
You cannot study or cast Summoning magic.


Message History

You hit the jelly.
Your hands burn!
The jelly is heavily wounded.
The jelly barely misses you.
You hit the jelly but do no damage.
Your hands burn!
The jelly is heavily wounded.
You focus your will and blind the jelly in retribution!
The jelly jiggles.
The jelly closely misses you. The jelly barely misses you.
You catch the helpless jelly completely off-guard!
You hit the jelly.
Your hands burn!
* * * LOW HITPOINT WARNING * * *
The jelly is severely wounded.
You are near starving!
You hit the jelly but do no damage. The acid corrodes you!
Your hands burn!
* * * LOW HITPOINT WARNING * * *
The jelly is severely wounded.
The jelly hits you.
* * * LOW HITPOINT WARNING * * *
You are splashed with acid!
The acid burns!
You die...

.... ... .
##.. ..
...###...
#......#
######.....#
#......J.#
#...@.#
#....##
#....#
##...######
#..........
##..........
#...........
###.........
#.........


You could see a jelly (blind).

Vanquished Creatures
  Menkaure (D:6)
  2 orc warriors (D:6)
  A phantom (D:4)
  3 ogres
  2 centaurs (D:6)
  A giant frog (D:5)
  A wyvern zombie (D:6)
  2 scorpions (D:6)
  2 orc priests (D:4)
  2 crimson imps
  3 orc wizards
  A hound (D:4)
  An iguana (D:6)
  4 worker ants
  2 hound skeletons
  4 gnolls (D:3)
  8 adders
  A shadow imp (D:5)
  An ooze (D:6)
  6 worms
  A giant gecko (D:1)
  17 orcs
  10 bats
  A bat skeleton (D:4)
  8 giant cockroaches
  11 hobgoblins
  6 jackals
  6 quokkas
  3 ball pythons
  2 giant newts
  12 goblins
  14 kobolds
  11 rats
150 creatures vanquished.

Vanquished Creatures (others)
  A phantom (D:6)
1 creature vanquished.

Grand Total: 151 creatures vanquished

Notes
Turn   | Place    | Note
--------------------------------------------------------------
     0 | D:1      | inmateoo the Deep Elf Fire Elementalist began the quest for the Orb.
     0 | D:1      | Reached XP level 1. HP: 10/10 MP: 6/6
   240 | D:1      | Reached XP level 2. HP: 15/15 MP: 4/8
   828 | D:2      | Reached skill level 4 in Fire Magic
   828 | D:2      | Reached XP level 3. HP: 19/19 MP: 6/10
   832 | D:2      | Learned a level 2 spell: Throw Flame
   836 | D:2      | Learned a level 3 spell: Conjure Flame
  1055 | D:2      | Found a faded altar to an unknown god.
  1073 | D:2      | Became a worshipper of Ru the Awakened
  1079 | D:2      | Gained mutation: You cannot study or cast Poison magic. [Ru sacrifice]
  1079 | D:2      | Gained mutation: You cannot study or cast Necromancy magic. [Ru sacrifice]
  1079 | D:2      | Gained mutation: You cannot study or cast Summoning magic. [Ru sacrifice]
  1079 | D:2      | Acquired Ru's first power
  1147 | D:2      | Found a shadowy altar of Dithmenos.
  1310 | D:2      | Found a blossoming altar of Fedhas.
  1346 | D:2      | Reached XP level 4. HP: 24/24 MP: 6/11
  2111 | D:3      | Reached skill level 5 in Fire Magic
  2131 | D:3      | Reached XP level 5. HP: 28/28 MP: 7/13
  2718 | D:4      | Found Etum's Book Boutique.
  2816 | D:4      | Found a burning altar of Makhleb.
  2821 | D:4      | Reached XP level 6. HP: 32/32 MP: 12/15
  2877 | D:4      | Gained mutation: You cannot train Armour skill. [Ru sacrifice]
  2877 | D:4      | Acquired Ru's second power
  3071 | D:4      | Reached skill level 6 in Fire Magic
  3283 | D:4      | Reached skill level 5 in Spellcasting
  3537 | D:4      | Learned a level 4 spell: Sticky Flame
  3543 | D:4      | Learned a level 5 spell: Fireball
  3610 | D:5      | Entered Level 5 of the Dungeon
  3658 | D:5      | Reached XP level 7. HP: 36/36 MP: 10/17
  3788 | D:5      | Reached skill level 7 in Fire Magic
  3977 | D:5      | Found a stormy altar of Qazlal.
  4287 | D:6      | Noticed Menkaure
  4534 | D:5      | Gained mutation: You cannot be stealthy. [Ru sacrifice]
  4534 | D:5      | Acquired Ru's third power
  4584 | D:6      | Killed Menkaure
  4760 | D:6      | Reached skill level 8 in Fire Magic
  4879 | D:6      | Reached skill level 5 in Conjurations
  4879 | D:6      | Reached XP level 8. HP: 38/41 MP: 13/19
  5221 | D:6      | Reached skill level 9 in Fire Magic
  5600 | D:6      | Got a pair of shimmering gloves
  5611 | D:6      | Identified the +2 pair of gloves "Dyptehe" {rC+ Slay+3} (You found it on level 6 of the Dungeon)
  5801 | D:6      | Splashed by a jelly's acid

Vault maps used:
D:1:      scummos_arrival_star
D:2:      fedhas_altar_2, overflow_temple_1_default, ecumenical_altar_2
D:4:      serial_shops, nicolae_shop_trees, first_bread,
          kennysheep_another_room, makhleb_blood_cavern_becter
D:5:      lemuel_round_altar
D:6:      kennysheep_generic_room_12, uniq_crazy_yiuf_cottage, uniq_menkaure

Action                   |  1- 3 |  4- 6 |  7- 9 || total
-------------------------+-------+-------+-------++-------
Melee: Unarmed           |     2 |       |       ||     2
       Flail             |       |    37 |    66 ||   103
       Morningstar       |       |       |    61 ||    61
 Cast: Flame Tongue      |    59 |   132 |    91 ||   282
       Conjure Flame     |       |     3 |     6 ||     9
       Sticky Flame      |       |       |     6 ||     6
Invok: Sacrifice Arcana  |     1 |       |       ||     1
       Sacrifice Durabil |       |     1 |       ||     1
       Sacrifice Stealth |       |       |     1 ||     1
  Use: Scroll            |       |    13 |     1 ||    14
       Potion            |       |       |     1 ||     1
 Stab: Sleeping          |       |     2 |     1 ||     3
       Distracted        |       |       |     1 ||     1
       Invisible         |       |       |     1 ||     1
  Eat: Chunk             |     1 |     6 |     6 ||    13
       Pizza             |       |     1 |       ||     1
